 Dungeon Crawl Stone Soup version 0.19-a0-1861-g35def1e (webtiles) character file.

387 Ijustatesigmund the Vandal (level 7, -13/46 HPs)
             Began as a Halfling Hunter on Oct 12, 2016.
             Mangled by an orc warrior
             ... wielding a +0 war axe
              (16 damage)
             ... on level 3 of the Dungeon.
             The game lasted 00:12:19 (4300 turns).

Ijustatesigmund the Vandal (Halfling Hunter)        Turns: 4300, Time: 00:12:19

Health: -13/46     AC:  8    Str: 13    XL:     7   Next: 7%
Magic:  7/7        EV: 13    Int: 12    God:
Gold:   218        SH:  0    Dex: 17    Spells: 0 memorised, 6 levels left

rFire  . . .     SeeInvis .     b - +1 short sword
rCold  . . .     Gourm    .     g - +3 ring mail
rNeg   . . .     Faith    .     (shield restricted)
rPois  .         Spirit   .     (no helmet)
rElec  .         Dismiss  .     (no cloak)
rCorr  .         Reflect  .     (no gloves)
MR     .....     Harm     .     (no boots)
Stlth  +.........               (no amulet)
                                (no ring)
                                u - +3 ring of intelligence

@: lethally poisoned (-13 -> -18)
A: mutation resistance 1
a: no special abilities


You were on level 3 of the Dungeon.
You were not hungry.

You visited 1 branch of the dungeon, and saw 5 of its levels.

You collected 218 gold pieces.

Inventory:

Hand Weapons
 a - a +1 hunting sling
 b - a +1 short sword (weapon)
Missiles
 d - 44 sling bullets
 l - 45 stones (quivered)
Armour
 c - a +0 leather armour
 g - a +3 ring mail (worn)
 k - a +2 plate armour of cold resistance
Jewellery
 u - a +3 ring of intelligence (left hand)
Scrolls
 e - 3 scrolls of remove curse
 m - 2 scrolls of immolation
 n - a scroll of amnesia
 o - a scroll of teleportation
 t - a scroll of identify
Potions
 h - a potion of lignification
 i - 2 potions of brilliance
Comestibles
 f - 4 bread rations
 j - 2 beef jerkies
 p - 4 fruits
 q - a slice of pizza
 r - a meat ration
 s - a chunk of flesh
 v - a royal jelly


   Skills:
 - Level 3.3 Fighting
 + Level 4.3 Short Blades
 + Level 6.9 Slings
 + Level 3.7 Armour
 - Level 2.1 Dodging
 - Level 1.1 Stealth


You had 6 spell levels left.
You didn't know any spells.

Dungeon Overview and Level Annotations

Branches:
Dungeon (5/15)
 Temple: D:4-7

Altars:
Ashenzari
Fedhas
Okawaru
The Shining One

Annotations:
D:3 1 runed door
D:4 graki42's ghost, novice HaHu
D:5 Amnesiac's ghost, novice DEAs


Innate Abilities, Weirdness & Mutations

You are small and have problems with some larger weapons.
You are somewhat resistant to further mutation.


Message History

You feel sick.
You feel sick.
You feel sick. The worker ant barely misses you.
You feel sick.
There is a stone staircase leading up here.
You feel sick. The worker ant bites you.
* * * LOW HITPOINT WARNING * * *
The frilled lizard bites you but does no damage.
You climb upwards.
Level annotation: 1 runed door
* * * LOW HITPOINT WARNING * * *
You feel sick. The orc warrior barely misses you.
There is a stone staircase leading down here.
Okay, then.
You puncture the frilled lizard!
You kill the frilled lizard!
* * * LOW HITPOINT WARNING * * *
You feel sick.
The orc warrior hits you with a war axe!
You die...

# #.###.## #.# ##+## ###.###.#
#.# ##...## ........# #.##
##.....## ###..#### #..##
##.......#
###...###########...####.........
........÷.........>..[.'.....o...
###...##########a...####.........
#..###### #o#.## ##.......#
#.......# #@### ##.....##
#.#####.# #†# ##...### #.# #.#
#.# ##+## #.#####.# #.# #.#
#.....#.# #.# #.# ###.###.#.# #.#
##.## ....###.#.# #.# ##...##
.#........# ##.###### #.....#
...####.### #.......# ##...###


You could see an orc warrior and a worker ant.

Vanquished Creatures
  An ogre (D:4)
  A hound (D:5)
  An orc priest (D:3)
  A centaur skeleton (D:4)
  6 gnolls
  A howler monkey skeleton (D:4)
  3 adders (D:2)
  An ooze (D:4)
  2 worms (D:2)
  2 dart slugs (D:1)
  7 leopard geckos
  5 orcs (D:3)
  A ball python (D:2)
  6 giant cockroaches
  7 goblins
  3 hobgoblins
  5 jackals
  4 quokkas
  7 bats
  2 frilled lizards
  3 kobolds
  38 rats
107 creatures vanquished.

Notes
Turn   | Place    | Note
-------+----------+-------------------------------------------
     0 | D:1      | Ijustatesigmund the Halfling Hunter began the quest for the Orb.
     0 | D:1      | Reached XP level 1. HP: 14/14 MP: 1/1
   105 | D:1      | Reached XP level 2. HP: 20/20 MP: 2/2
   486 | D:1      | Reached skill level 1 in Short Blades
   508 | D:1      | Reached XP level 3. HP: 25/25 MP: 3/3
  1081 | D:2      | Reached skill level 1 in Armour
  1583 | D:2      | Found a blossoming altar of Fedhas.
  1604 | D:2      | Reached XP level 4. HP: 24/30 MP: 4/4
  1961 | D:2      | Reached XP level 5. HP: 27/36 MP: 5/5
  2366 | D:2      | Found a shattered altar of Ashenzari.
  2889 | D:3      | Found a glowing golden altar of the Shining One.
  2890 | D:3      | Found a runed door.
  2890 | D:3      | Noticed an angel
  3318 | D:3      | Reached skill level 6 in Slings
  3324 | D:3      | Reached XP level 6. HP: 30/42 MP: 6/6
  3515 | D:3      | Noticed an orc warrior
  3867 | D:4      | Noticed an ogre
  3880 | D:4      | Killed an ogre
  4089 | D:4      | Found an iron altar of Okawaru.
  4094 | D:4      | Noticed graki42's ghost (novice HaHu)
  4107 | D:5      | Entered Level 5 of the Dungeon
  4117 | D:5      | Reached XP level 7. HP: 32/46 MP: 7/7
  4274 | D:5      | Noticed Amnesiac's ghost (novice DEAs)
  4300 | D:3      | Mangled by an orc warrior

Vault maps used:
D:1:      evilmike_arrival_crescent
D:2:      ashenzari_altar_1, fedhas_altar_fruit_tree, kennysheep_nondescript,
          minmay_rats_cheesy_pizza
D:3:      first_bread, lemuel_angel_altar
D:4:      okawaru_ov_weapons_minmay, doesnt_xom_only_xom, eino_curves_03,
          uniq_edmund
D:5:      grunt_decor_cap

Skill      XL: |  1  2  3  4  5  6 |
---------------+-------------------+-----
Fighting       | 2 3 |  3.3
Short Blades   | 1 2 3 4 |  4.3
Armour         | 1 2 3 |  3.7
Slings         | 6 |  6.9
Dodging        | |  2.1
Stealth        | |  1.1

Action                   |  1- 3 |  4- 6 |  7- 9 || total
-------------------------+-------+-------+-------++-------
Melee: Short sword       |   148 |   295 |     9 ||   452
 Fire: Hunting sling     |    15 |    14 |       ||    29
  Use: Scroll            |     9 |     3 |       ||    12
       Potion            |     2 |     2 |       ||     4
  Eat: Bread ration      |     1 |       |       ||     1
       Chunk             |       |     6 |     1 ||     7
Armor: Plate armour      |   148 |    16 |       ||   164
       Ring mail         |       |    90 |    15 ||   105
Dodge: Dodged            |    62 |   156 |    18 ||   236
